 Dungeon Crawl Stone Soup version 0.27-a0-681-g0c81a3c1c3 (webtiles) character file.

Game seed: 5510984439088867591

397 Talea the Sneak (level 6, -1/41 HPs)
             Began as an Octopode Hedge Wizard on Mar 20, 2021.
             Slain by a sky beast (6 damage)
             ... on level 5 of the Dungeon.
             The game lasted 00:09:24 (6849 turns).

Talea the Sneak (Octopode Hedge Wizard)             Turns: 6849, Time: 00:09:25

Health: -1/41      AC:  2    Str:  9    XL:     6   Next: 83%
Magic:  10/10      EV: 14    Int: 16    God:
Gold:   226        SH:  0    Dex: 14    Spells: 10/11 levels left

rFire    . . .     SeeInvis .   h - +2 dagger (venom)
rCold    . . .     Faith    .   (no shield)
rNeg     . . .     Spirit   .   b - +1 hat
rPois    .         Reflect  .   (no amulet)
rElec    .         Harm     .   (no ring)
rCorr    .         Rampage  .   (no ring)
Will     .....                  (no ring)
Stlth    ++++......             (no ring)
HPRegen  0.13/turn              (no ring)
MPRegen  0.12/turn              (no ring)
                                (no ring)
                                (no ring)

@: no status effects
A: almost no armour, amphibious, 8 rings, camouflage 1, gelatinous body 1,
nimble swimmer 1, tentacles
a: no special abilities


You were on level 5 of the Dungeon.
You visited 1 branch of the dungeon, and saw 5 of its levels.
You also visited: Sewer.

You collected 226 gold pieces.

Inventory:

Hand Weapons
 h - a +2 dagger of venom (weapon)
   (You found it on level 1 of the Dungeon)
Armour
 b - a +1 hat (worn)
Magical Staves
 a - a staff of fire {rF+}
   (You found it on level 4 of the Dungeon)
Wands
 d - a wand of digging (8)
   (You found it on level 4 of the Dungeon)
 p - a wand of paralysis (12)
   (You found it on level 2 of the Dungeon)
Scrolls
 c - a scroll of vulnerability {unknown}
 e - 4 scrolls of identify {@r1}
 f - a scroll of enchant weapon
 W - a scroll of holy word {!r}
Potions
 g - a potion of brilliance {unknown}
 i - a potion of haste {unknown}
 j - a potion of degeneration {unknown}
 k - a potion of lignification {unknown}
 M - 2 potions of might
 N - 2 potions of heal wounds {@q2}
 T - a potion of berserk rage {!q}


   Skills:
 + Level 2.9 Fighting
 + Level 2.7 Short Blades
 + Level 3.7 Dodging
 + Level 5.3 Stealth
 - Level 3.1 Spellcasting
 - Level 1.2 Conjurations
 - Level 1.4 Summonings
 - Level 1.4 Translocations


You had 10 spell levels left.
You knew the following spells:

 Your Spells              Type           Power      Damage    Failure   Level
a - Magic Dart            Conj           24%        1d4       11%         1

Your spell library contained the following spells:

 Spells                   Type           Power      Damage    Failure   Level
 Blink                    Tloc           N/A        N/A       16%         2
 Call Imp                 Summ           7%         N/A       16%         2
 Slow                     Hex            2%         N/A       28%         2
 Conjure Flame            Conj/Fire      4%         6-21      38%         3
 Mephitic Cloud           Conj/Pois/Air  3%         N/A       43%         3


Dungeon Overview and Level Annotations

Branches:
Dungeon (5/15)              Sewer (visited)
 Temple: D:4-7

Altars:
Ashenzari
Elyvilon
Gozag
Hepliaklqana
Okawaru
Sif Muna
Trog
Uskayaw
The Shining One

Annotations:
D:3 2 transporters, SolusNox's ghost, amateur FoFi


Innate Abilities, Weirdness & Mutations

You cannot wear most types of armour.
You are amphibious.
You can wear up to eight rings at the same time.
Your skin changes colour to match your surroundings (Stealth+).
Your rubbery body absorbs attacks. (AC +1, EV +1)
You are stealthy while swimming. (Stealth+)
You have tentacles for arms and can constrict up to eight enemies at once.


Message History

You squeeze the orc.
You constrict the orc, but do no damage.
The orc hits you.
You take 4 damage, and have 34/41 hp.
You hit the orc.
You kill the orc!
The orc wizard points at itself and mumbles some strange words.
The orc wizard flickers and vanishes!
Deactivating autopickup; reactivate with Ctrl-A.
You barely miss the orc. Your grab misses the orc. The orc closely misses you.
You hit the orc. You grab the orc. You squeeze the orc.
You kill the orc!
You hit the orc wizard.
The orc wizard is poisoned.
Your grab misses the orc wizard.
The orc wizard hits you with a +0 dagger.
You take 3 damage, and have 32/41 hp.
You hit the orc wizard. You grab the orc wizard.
You constrict the orc wizard, but do no damage.
You hit the orc wizard.
The orc wizard looks as sick as possible!
You squeeze the orc wizard.
You kill the orc wizard!
You hit something. Your squeeze misses something. Something hits you.
An orc comes into view. It is wielding a +0 mace.
You take 6 damage, and have 26/41 hp.
You miss something. Something completely misses you.
The orc shouts!
You hit something but do no damage.
You hear some strange, mumbled words.
Something tries to affect you, but you resist.
You hit something but do no damage. Your squeeze misses something.
Something completely misses you.
You hit something. Something hits you.
You take 4 damage, and have 22/41 hp.
You miss something. You squeeze something.
Reactivating autopickup.
You feel a bit more experienced.
You barely miss the orc. You grab the orc. You constrict the orc.
The orc misses you.
You hit the orc. You constrict the orc.
You kill the orc!
You start resting.
Health restored: 41
Items here: )))) [[[ ††††.
You now have 190 gold pieces (gained 12).
N - 2 potions of heal wounds {@q2} (gained 1)
You now have 201 gold pieces (gained 11).
You now have 216 gold pieces (gained 15).
Found a stone staircase leading down.
There is a stone staircase leading down here.
Found a stone staircase leading up.
You see here 29 bolts.
You see here a +0 chain mail.
You see here a +0 club.
k - a smoky amethyst potion You now have 226 gold pieces (gained 10).
A sky beast comes into view.
The sky beast flickers out of sight!
Deactivating autopickup; reactivate with Ctrl-A.
A worker ant zombie comes into view.
A sky beast appears from thin air!
Reactivating autopickup.
You hit the sky beast. The sky beast barely misses you.
You hit the sky beast but do no damage.
The sky beast is poisoned.
The sky beast closely misses you.
You closely miss the sky beast. Your squeeze misses the sky beast.
The sky beast hits you. The sky beast shocks you.
You take 9 damage, and have 32/41 hp.
MASSIVE DAMAGE!!
You barely miss the sky beast.
You squeeze the sky beast, but do no damage.
The sky beast hits you but does no damage.
You hit the sky beast.
The sky beast looks as sick as possible!
The sky beast flickers out of sight!
Deactivating autopickup; reactivate with Ctrl-A.
Something hits you. Something shocks you.
You take 9 damage, and have 23/41 hp.
MASSIVE DAMAGE!!
Okay, then.
You don't know that spell.
Sorry, you're not good enough to have a special ability.
Memorise Blink, consuming 2 spell levels and leaving 8?
Something hits you.
Your memorisation is interrupted.
Something shocks you.
You take 8 damage, and have 15/41 hp.
You don't know that spell.
You barely miss something. You squeeze something. Something barely misses you.
The worker ant zombie closely misses you.
You hit the worker ant zombie but do no damage.
You grab the worker ant zombie. You constrict the worker ant zombie.
The worker ant zombie misses you. Something hits you. Something shocks you.
* * * LOW HITPOINT WARNING * * *
You take 7 damage, and have 8/41 hp.
You hit the worker ant zombie. You constrict the worker ant zombie.
The worker ant zombie closely misses you.
You barely miss the worker ant zombie. You constrict the worker ant zombie.
Something hits you.
* * * LOW HITPOINT WARNING * * *
Something shocks you.
You die...

.. ?#### ...
#.# #{# #.#
#.#
.#.########.##
..?....Z@....#
.#.########(.#
#..# #..# #..#
# #..######
##.......#
##...######
##....#


You could see a worker ant zombie.

Vanquished Creatures
  An ogre (D:4)
  A centaur zombie (D:5)
  A bullfrog skeleton (D:4)
  An iguana (D:4)
  2 orc wizards (D:5)
  5 adders
  An ooze (D:5)
  2 worms (D:2)
  A dart slug (D:2)
  5 leopard geckos (D:4)
  10 orcs
  7 bats
  4 giant cockroaches
  4 goblins
  9 hobgoblins
  19 jackals
  11 kobolds
  3 quokkas
  5 ball pythons
  6 frilled lizards
  A leopard gecko skeleton (D:4)
  9 rats
108 creatures vanquished.

Vanquished Creatures (others)
  13 plants (Sewer)
13 creatures vanquished.

Grand Total: 121 creatures vanquished

Notes
Turn   | Place    | Note
-------+----------+-------------------------------------------
     0 | D:1      | Talea the Octopode Hedge Wizard began the quest for the
                  | Orb.
     0 | D:1      | Reached XP level 1. HP: 11/11 MP: 4/4
   251 | D:1      | Reached XP level 2. HP: 7/17 MP: 6/6
   498 | D:1      | Reached skill level 3 in Stealth
   732 | D:1      | HP: 4/17 [goblin/+0 club (6)]
  1594 | D:2      | Reached XP level 3. HP: 21/21 MP: 7/7
  1627 | D:2      | Found an opulent altar of Gozag.
  2116 | D:2      | Found a bloodstained altar of Trog.
  2522 | D:2      | Found a shimmering blue altar of Sif Muna.
  2802 | D:2      | Found a hazy altar of Hepliaklqana.
  2881 | D:2      | Reached XP level 4. HP: 27/27 MP: 8/8
  2887 | D:2      | Reached skill level 1 in Fighting
  2887 | D:2      | Reached skill level 1 in Short Blades
  3068 | D:2      | Found a white marble altar of Elyvilon.
  3562 | D:3      | Found a broken altar of Ashenzari.
  3869 | D:3      | Found a transporter.
  3870 | D:3      | Noticed SolusNox's ghost (amateur FoFi)
  3873 | D:3      | Identified the +12 great mace "Waocrurch" {vorpal, rF+
                  | Str+5 Int-4}
  3873 | D:3      | Noticed an ogre
  3891 | D:3      | Found a transporter.
  3987 | D:3      | Found a glowing golden altar of the Shining One.
  4110 | D:4      | Reached skill level 3 in Dodging
  4110 | D:4      | Reached skill level 4 in Stealth
  4110 | D:4      | Reached XP level 5. HP: 24/33 MP: 9/9
  4503 | D:4      | Found an iron altar of Okawaru.
  4530 | D:4      | Found a glowing drain.
  4543 | Sewer    | Entered a sewer
  5312 | D:4      | Noticed an ogre
  5333 | D:4      | Killed an ogre
  5334 | D:4      | Reached skill level 2 in Fighting
  5334 | D:4      | Reached skill level 2 in Short Blades
  5334 | D:4      | Reached XP level 6. HP: 22/40 MP: 10/10
  5800 | D:4      | Found a hide-covered altar of Uskayaw.
  5840 | D:4      | Reached skill level 5 in Stealth
  6210 | D:5      | Entered Level 5 of the Dungeon
  6233 | D:5      | HP: 8/41 [centaur zombie (7)]
  6828 | D:5      | Noticed a sky beast
  6847 | D:5      | HP: 8/41 [something (6)]
  6849 | D:5      | Slain by a sky beast

Illustrated notes

Levels and vault maps discovered:
D:1:      dpeg_arrival_short_road, layout_loops_ring, minivault_26,
          minmay_heptomino_h4
D:2:      layout_basic, nicolae_sif_muna_condensation, general_overflow_altar,
          marbit_many_paths, lemuel_coloured_pillars_altar, elyvilon_altar_4
D:3:      layout_basic, lemuel_crystal_altar, nicolae_overflow_crystal_walls,
          gammafunk_ghost_smash
D:4:      layout_loops_corners, kennysheep_little_box,
          overflow_temple_1_default, gup_sewer_entry_pipe,
          minmay_goblin_kobold_house
D:5:      layout_loops_ring, nicolae_overflow_hidden_temple

Skill      XL: |  1  2  3  4  5  6 |
---------------+-------------------+-----
Stealth        | 3 4 5 |  5.3
Fighting       | 1 2 |  2.9
Short Blades   | 1 2 |  2.7
Dodging        | 3 |  3.7
Spellcasting   | |  3.1
Conjurations   | |  1.2
Summonings     | |  1.4
Translocations | |  1.4

Action                   |  1- 3 |  4- 6 || total
-------------------------+-------+-------++-------
Melee: Dagger            |    65 |   166 ||   231
       Constrict         |    15 |    42 ||    57
       Tentacles         |     9 |    33 ||    42
  Use: Potion            |     3 |       ||     3
       Scroll            |     1 |     5 ||     6
 Stab: Sleeping          |    17 |    13 ||    30
       Distracted        |     1 |     1 ||     2
Armor: Skin              |     2 |     8 ||    10
Dodge: Dodged            |    37 |    89 ||   126

Table legend: (Time is in decaauts)
 A = Elapsed time spent in this place.
 B = Non-inter-level travel time spent in this place.
 C = Inter-level travel time spent in this place.
 D = Time resting spent in this place.
 E = Time spent auto-exploring this place.
 F = Levels seen in this place.
 G = Mean time per level.
                   A        B        C        D        E       F      G
               +--------+--------+--------+--------+--------+-----+--------+
         Total |   6842 |   6673 |    169 |   1899 |   4088 |   6 | 1140.3 |
       Dungeon |   6143 |   5974 |    169 |   1899 |   3521 |   5 | 1228.6 |
         Sewer |    699 |    699 |      0 |      0 |    567 |   1 |  699.0 |
               +--------+--------+--------+--------+--------+-----+--------+

Top non-repeatable levels by time:
     D:2: 2346 daAuts
     D:1: 1412 daAuts
     D:4: 1404 daAuts
   Sewer: 699 daAuts
     D:5: 633 daAuts
     D:3: 346 daAuts

Table legend:
 A = Kills in this place as a percentage of kills in entire the game.
 B = Kills by you in this place as a percentage of kills by you in the entire game.
 C = Kills by friends in this place as a percentage of kills by friends in the entire game.
 D = Other kills in this place as a percentage of other kills in the entire game.
 E = Experience gained in this place as a percentage of experience gained in the entire game.
 F = Experience gained in this place divided by the number of levels of this place that you have seen.
                   A       B       C       D       E      F
               +-------+-------+-------+-------+-------+----------------------
         Total | 100.0 | 100.0 |   N/A |   N/A | 100.0 |  94.7
       Dungeon |  82.4 |  82.4 |   N/A |   N/A |  93.3 | 106.0
         Sewer |  17.6 |  17.6 |   N/A |   N/A |   6.7 |  38.0
               +-------+-------+-------+-------+-------+----------------------
